TOP OF THE 1ST |
Jacksonville Suns batting - Pitching for Colorado (EL) Rockies : LHP Randy Rowland
|
Pitching: LHP Randy Rowland
|
|
Batting: LHB Jose Bregaro
|
0-0: Swinging Strike 0-1: Foul Ball, location: 2F 0-2: Ball 1-2: Ball 2-2: Foul Ball, location: 2F 2-2: Ball 3-2: SINGLE (Line Drive, 56, EV 105.6 MPH)
|
Batting: RHB Shelby Peddle
|
0-0: Called Strike 0-1: Swinging Strike 0-2: Ball 1-2: Foul Ball, location: 2F 1-2: Ball 2-2: Ball 3-2: Strikes out swinging Jose Bregaro is caught stealing 2nd base 2-4 Batter strikes out.
|
Batting: RHB Chris Lee
|
0-0: Called Strike 0-1: Ball 1-1: Ball 2-1: Foul Ball, location: 2F 2-2: Fly out, F8 (Line Drive, 8RM, EV 88.1 MPH)
|
Top of the 1st over - 0 runs, 1 hit, 0 errors, 0 left on base; Jacksonville 0 - Colorado (EL) 0 |
BOTTOM OF THE 1ST |
Colorado (EL) Rockies batting - Pitching for Jacksonville Suns : RHP Pedro Taveras
|
Pitching: RHP Pedro Taveras
|
|
Batting: SHB Eddie Quinones
|
0-0: Ball 1-0: Fly out, F8 (Flyball, 8LS, EV 84.4 MPH)
|
Batting: LHB Eric Ludwig
|
0-0: Called Strike 0-1: SINGLE (Groundball, 34S, EV 73.1 MPH) (infield hit)
|
Batting: SHB Chris Besselman
|
0-0: Foul Ball, location: 2F 0-1: Ball 1-1: Fly out, F6 (Line Drive, 4, EV 65.0 MPH)
|
Batting: LHB Koson Hirai
|
0-0: Ball 1-0: Ground out U3 (Groundball, 3S, EV 86.9 MPH)
|
Bottom of the 1st over - 0 runs, 1 hit, 0 errors, 1 left on base; Jacksonville 0 - Colorado (EL) 0 |
TOP OF THE 2ND |
Jacksonville Suns batting - Pitching for Colorado (EL) Rockies : LHP Randy Rowland
|
Batting: RHB Tommy Hughes
|
0-0: Ball 1-0: Ball 2-0: Ground out 5-3 (Groundball, 56S, EV 85.6 MPH)
|
Batting: LHB Chris Jonas
|
0-0: Ball 1-0: Foul Ball, location: 2F 1-1: Ball 2-1: Ball 3-1: Base on Balls
|
Batting: RHB Wei-guo Tsu
|
0-0: Foul Ball, location: 2F 0-1: Ball 1-1: Ball 2-1: SINGLE (Groundball, 56D, EV 99.4 MPH) Chris Jonas to second
|
Batting: LHB Gustavo Patella
|
0-0: Ball 1-0: Swinging Strike 1-1: Ball Wild Pitch! Chris Jonas to third Wei-guo Tsu to second 2-1: Foul Ball, location: 2F 2-2: Foul Ball, location: 2F 2-2: Fly out, F7 (Flyball, 7, EV 80.6 MPH) Throwing error, E7 Chris Jonas scores Wei-guo Tsu to third
|
Batting: RHB Katsutaka Inouye
|
0-0: Called Strike 0-1: Fly out, F5 (Popup, 5S, EV 68.8 MPH)
|
Top of the 2nd over - 1 run, 1 hit, 1 error, 1 left on base; Jacksonville 1 - Colorado (EL) 0 |
BOTTOM OF THE 2ND |
Colorado (EL) Rockies batting - Pitching for Jacksonville Suns : RHP Pedro Taveras
|
Batting: RHB Eric Delgado
|
0-0: Fly out, F7 (Flyball, 7S, EV 89.4 MPH)
|
Batting: SHB Patrick Kimmel
|
0-0: Called Strike 0-1: Ball 1-1: Foul Ball, location: 2F 1-2: Ball 2-2: Fly out, F9 (Line Drive, 9, EV 97.5 MPH)
|
Batting: RHB Craig Gomez
|
0-0: Foul Ball, location: 2F 0-1: Ball 1-1: Foul Ball, location: 2F 1-2: Strikes out swinging
|
Bottom of the 2nd over - 0 runs, 0 hits, 0 errors, 0 left on base; Jacksonville 1 - Colorado (EL) 0 |
TOP OF THE 3RD |
Jacksonville Suns batting - Pitching for Colorado (EL) Rockies : LHP Randy Rowland
|
Batting: RHB Pi-ao Xú
|
0-0: Foul Ball, location: 2F 0-1: Swinging Strike 0-2: Strikes out swinging
|
Batting: LHB Jose Bregaro
|
0-0: Swinging Strike 0-1: Swinging Strike 0-2: Strikes out swinging
|
Batting: RHB Shelby Peddle
|
0-0: Called Strike 0-1: Ball 1-1: Ball 2-1: Ground out 5-3 (Groundball, 56S, EV 88.1 MPH)
|
Top of the 3rd over - 0 runs, 0 hits, 0 errors, 0 left on base; Jacksonville 1 - Colorado (EL) 0 |
BOTTOM OF THE 3RD |
Colorado (EL) Rockies batting - Pitching for Jacksonville Suns : RHP Pedro Taveras
|
Batting: RHB Jerry Edmiston
|
0-0: Called Strike 0-1: Ball 1-1: Ball 2-1: Ball 3-1: Called Strike 3-2: Foul Ball, location: 2F 3-2: Fly out, F7 (Flyball, 78S, EV 87.5 MPH)
|
Batting: RHB Steve Waltenbery
|
0-0: Called Strike 0-1: Ball 1-1: Fly out, F8 (Line Drive, 8LM, EV 99.4 MPH)
|
Batting: SHB Eddie Quinones
|
0-0: Ball 1-0: Fly out, F9 (Flyball, 9, EV 80.6 MPH)
|
Bottom of the 3rd over - 0 runs, 0 hits, 0 errors, 0 left on base; Jacksonville 1 - Colorado (EL) 0 |
TOP OF THE 4TH |
Jacksonville Suns batting - Pitching for Colorado (EL) Rockies : LHP Randy Rowland
|
Batting: RHB Chris Lee
|
0-0: Fly out, F5 (Line Drive, 5, EV 71.9 MPH)
|
Batting: RHB Tommy Hughes
|
0-0: Called Strike 0-1: Called Strike 0-2: Ball 1-2: Strikes out swinging
|
Batting: LHB Chris Jonas
|
0-0: Ball 1-0: Ground out 4-3 (Groundball, 4, EV 82.5 MPH)
|
Top of the 4th over - 0 runs, 0 hits, 0 errors, 0 left on base; Jacksonville 1 - Colorado (EL) 0 |
BOTTOM OF THE 4TH |
Colorado (EL) Rockies batting - Pitching for Jacksonville Suns : RHP Pedro Taveras
|
Batting: LHB Eric Ludwig
|
0-0: Ball 1-0: Foul Ball, location: 2F 1-1: Called Strike 1-2: Ball 2-2: Ball 3-2: Strikes out looking
|
Batting: SHB Chris Besselman
|
0-0: Ball 1-0: Called Strike 1-1: Ball 2-1: Swinging Strike 2-2: Fly out, F8 (Flyball, 8RM, EV 86.9 MPH)
|
Batting: LHB Koson Hirai
|
0-0: Ball 1-0: DOUBLE (Line Drive, 8LXD, EV 102.5 MPH)
|
Batting: RHB Eric Delgado
|
0-0: Called Strike 0-1: Ball 1-1: Called Strike 1-2: Foul Ball, location: 2F 1-2: Ball 2-2: SINGLE (Line Drive, 9S, EV 94.4 MPH) Koson Hirai to third Runner from 3rd tries for Home, SAFE, throw by RF to home Eric Delgado to second
|
Batting: SHB Patrick Kimmel
|
0-0: Swinging Strike 0-1: Ball 1-1: Called Strike 1-2: Fly out, F7 (Flyball, 78S, EV 89.4 MPH)
|
Bottom of the 4th over - 1 run, 2 hits, 0 errors, 1 left on base; Jacksonville 1 - Colorado (EL) 1 |
TOP OF THE 5TH |
Jacksonville Suns batting - Pitching for Colorado (EL) Rockies : LHP Randy Rowland
|
Batting: RHB Wei-guo Tsu
|
0-0: Ball 1-0: Swinging Strike 1-1: Foul Ball, location: 2F 1-2: Strikes out swinging
|
Batting: LHB Gustavo Patella
|
0-0: Ball 1-0: Ground out 4-3 (Groundball, 4M, EV 80.6 MPH)
|
Batting: RHB Katsutaka Inouye
|
0-0: Hit by Pitch
|
Batting: RHB Pi-ao Xú
|
0-0: Foul Ball, location: 2F 0-1: Foul Ball, location: 2F 0-2: Ball 1-2: SINGLE (Groundball, 6MD, EV 103.1 MPH) Katsutaka Inouye to second Runner from 2nd tries for 3rd, OUT! 8-5
|
Top of the 5th over - 0 runs, 1 hit, 0 errors, 1 left on base; Jacksonville 1 - Colorado (EL) 1 |
BOTTOM OF THE 5TH |
Colorado (EL) Rockies batting - Pitching for Jacksonville Suns : RHP Pedro Taveras
|
Batting: RHB Craig Gomez
|
0-0: Hit by Pitch
|
Batting: RHB Jerry Edmiston
|
0-0: Called Strike Craig Gomez steals 2nd base 0-1: Fly out, F3 (Line Drive, 3, EV 71.9 MPH)
|
Batting: RHB Steve Waltenbery
|
0-0: Fly out, F8 (Line Drive, 8LD, EV 88.1 MPH)
|
Batting: SHB Eddie Quinones
|
0-0: Intentional Walk
|
Batting: LHB Eric Ludwig
|
0-0: Ball 1-0: Ball 2-0: Ball 3-0: Called Strike 3-1: Ground out 4-3 (Groundball, 4, EV 86.9 MPH)
|
Bottom of the 5th over - 0 runs, 0 hits, 0 errors, 2 left on base; Jacksonville 1 - Colorado (EL) 1 |
TOP OF THE 6TH |
Jacksonville Suns batting - Pitching for Colorado (EL) Rockies : LHP Randy Rowland
|
Batting: LHB Jose Bregaro
|
0-0: Swinging Strike 0-1: Swinging Strike 0-2: Ball 1-2: Ball 2-2: Strikes out swinging
|
Batting: RHB Shelby Peddle
|
0-0: Ball 1-0: Called Strike 1-1: Ball 2-1: Ground out 6-3 (Groundball, 6, EV 88.8 MPH)
|
Batting: RHB Chris Lee
|
0-0: Called Strike 0-1: Ball 1-1: Ground out 4-3 (Groundball, 4MD, EV 100.0 MPH)
|
Top of the 6th over - 0 runs, 0 hits, 0 errors, 0 left on base; Jacksonville 1 - Colorado (EL) 1 |
BOTTOM OF THE 6TH |
Colorado (EL) Rockies batting - Pitching for Jacksonville Suns : RHP Pedro Taveras
|
Batting: SHB Chris Besselman
|
0-0: Fly out, F9 (Flyball, 9, EV 86.9 MPH)
|
Batting: LHB Koson Hirai
|
0-0: Called Strike 0-1: Foul Ball, location: 2F 0-2: Foul Ball, location: 2F 0-2: Foul Ball, location: 2F 0-2: Ball 1-2: Ball 2-2: SOLO HOME RUN (Flyball, 9D, EV 98.1 MPH), Distance : 366 ft
|
Batting: RHB Eric Delgado
|
0-0: Ball 1-0: Ball 2-0: Ball 3-0: Called Strike 3-1: Base on Balls
|
Pitching: RHP Javy Balderrama
|
|
Batting: SHB Patrick Kimmel
|
0-0: Hit by Pitch Eric Delgado to second
|
Batting: RHB Craig Gomez
|
0-0: Swinging Strike 0-1: Ball 1-1: Grounds into double play, 6-4-3 (Groundball, 6, EV 84.4 MPH)
|
Bottom of the 6th over - 1 run, 1 hit, 0 errors, 1 left on base; Jacksonville 1 - Colorado (EL) 2 |
TOP OF THE 7TH |
Jacksonville Suns batting - Pitching for Colorado (EL) Rockies : LHP Randy Rowland
|
Batting: RHB Tommy Hughes
|
0-0: Swinging Strike 0-1: Foul Ball, location: 2F 0-2: Strikes out swinging
|
Batting: LHB Chris Jonas
|
0-0: Called Strike 0-1: Ball 1-1: Fly out, F7 (Flyball, 7, EV 83.1 MPH)
|
Batting: RHB Wei-guo Tsu
|
0-0: Called Strike 0-1: Fly out, F6 (Popup, 6D, EV 47.5 MPH)
|
Top of the 7th over - 0 runs, 0 hits, 0 errors, 0 left on base; Jacksonville 1 - Colorado (EL) 2 |
BOTTOM OF THE 7TH |
Colorado (EL) Rockies batting - Pitching for Jacksonville Suns : RHP Javy Balderrama
|
Batting: RHB Jerry Edmiston
|
0-0: Ball 1-0: Ball 2-0: SINGLE (Groundball, P, EV 92.5 MPH) (infield hit)
|
Batting: RHB Steve Waltenbery
|
0-0: Ball 1-0: Bunt missed! 1-1: Sac Bunt to 13 - play at first, batter OUT! 1-4 Jerry Edmiston to second
|
Batting: SHB Eddie Quinones
|
0-0: Intentional Walk
|
Batting: LHB Eric Ludwig
|
0-0: Ball 1-0: Ball 2-0: Foul Ball, location: 2F 2-1: Foul Ball, location: 2F 2-2: Strikes out swinging
|
Batting: SHB Chris Besselman
|
0-0: Ball 1-0: Swinging Strike 1-1: Swinging Strike 1-2: Strikes out swinging
|
Bottom of the 7th over - 0 runs, 1 hit, 0 errors, 2 left on base; Jacksonville 1 - Colorado (EL) 2 |
TOP OF THE 8TH |
Jacksonville Suns batting - Pitching for Colorado (EL) Rockies : LHP Randy Rowland
|
Batting: LHB Gustavo Patella
|
0-0: Ball 1-0: Called Strike 1-1: Ground out 4-3 (Groundball, 34S, EV 86.9 MPH)
|
Batting: RHB Katsutaka Inouye
|
0-0: Foul Ball, location: 2F 0-1: Swinging Strike 0-2: Strikes out swinging
|
Batting: RHB Pi-ao Xú
|
0-0: Called Strike 0-1: Foul Ball, location: 2F 0-2: Strikes out swinging
|
Top of the 8th over - 0 runs, 0 hits, 0 errors, 0 left on base; Jacksonville 1 - Colorado (EL) 2 |
BOTTOM OF THE 8TH |
Colorado (EL) Rockies batting - Pitching for Jacksonville Suns : RHP Javy Balderrama
|
Pitching: LHP Geoff Goss
|
|
Batting: LHB Koson Hirai
|
0-0: Ball 1-0: Foul Ball, location: 2F 1-1: Swinging Strike 1-2: Foul Ball, location: 2F 1-2: Strikes out swinging
|
Batting: RHB Eric Delgado
|
0-0: Ball 1-0: Ball 2-0: Ball 3-0: Base on Balls
|
Batting: SHB Patrick Kimmel
|
0-0: Called Strike 0-1: Ball 1-1: Called Strike 1-2: SINGLE (Line Drive, 78S, EV 103.1 MPH) Eric Delgado to second
|
Batting: RHB Craig Gomez
|
0-0: Ball 1-0: Swinging Strike 1-1: Foul Ball, location: 2F 1-2: Strikes out swinging
|
Batting: RHB Jerry Edmiston
|
0-0: Called Strike 0-1: Ball 1-1: Fly out, F8 (Flyball, 8RXD, EV 96.2 MPH)
|
Bottom of the 8th over - 0 runs, 1 hit, 0 errors, 2 left on base; Jacksonville 1 - Colorado (EL) 2 |
TOP OF THE 9TH |
Jacksonville Suns batting - Pitching for Colorado (EL) Rockies : LHP Randy Rowland
|
Pitching: LHP Greg Burngooch
|
|
Now at 1B: Matt Fabre
|
|
Now at 2B: John Rodd
|
|
Now at SS: Steve Waltenbery
|
|
Batting: LHB Jose Bregaro
|
0-0: Fly out, F8 (Flyball, 78M, EV 89.4 MPH)
|
Batting: RHB Shelby Peddle
|
0-0: Ball 1-0: Swinging Strike 1-1: Foul Ball, location: 2F 1-2: Ball 2-2: Ball 3-2: Ground out 6-3 (Groundball, 56S, EV 69.4 MPH)
|
Batting: RHB Chris Lee
|
0-0: Ground out U3 (Groundball, 3L, EV 81.2 MPH)
|
Top of the 9th over - 0 runs, 0 hits, 0 errors, 0 left on base; Jacksonville 1 - Colorado (EL) 2 |
|